 Dungeon Crawl Stone Soup version 0.25-a0-635-g0c6c292ef3 (webtiles) character file.

Game seed: 11985030118070588233, levelgen mode: deterministic

41 ipx the Skirmisher (level 3, -8/24 HPs)
             Began as a Gargoyle Arcane Marksman on Mar 20, 2020.
             Killed from afar by Grinder (9 damage)
             ... with a puff of flame
             ... on level 3 of the Dungeon.
             The game lasted 00:06:16 (504 turns).

ipx the Skirmisher (Gargoyle Arcane Marksman)        Turns: 504, Time: 00:06:16

Health: -8/24      AC: 11    Str: 14    XL:     3   Next: 52%
Magic:  4/4        EV:  6    Int: 13    God:
Gold:   8          SH:  0    Dex: 10    Spells: 3/4 levels left

rFire    . . .     SeeInvis .   a - +0 hand crossbow
rCold    . . .     Gourm    .   (no shield)
rNeg     + . .     Faith    .   c - +0 chain mail
rPois    ∞         Spirit   .   (no helmet)
rElec    +         Reflect  .   (no cloak)
rCorr    .         Harm     .   (no gloves)
MR       .....                  (no boots)
Stlth    ..........             (no amulet)
HPRegen  0.08/turn              (no ring)
MPRegen  0.09/turn              (no ring)

@: no status effects
A: negative energy resistance 1, electricity resistance, unbreathing,
petrification resistance, rot immunity, AC +3
a: no special abilities


You were on level 3 of the Dungeon.
You were not hungry.

You visited 1 branch of the dungeon, and saw 3 of its levels.

You collected 8 gold pieces.

Inventory:

Hand Weapons
 a - a +0 hand crossbow (weapon)
 b - a +0 dagger
Missiles
 d - a bolt (quivered)
Armour
 c - a +0 chain mail (worn)
 e - a +0 robe
Scrolls
 j - a scroll of identify {unknown}
 k - a scroll of enchant armour {unknown}
Potions
 g - a potion of flight {unknown}
 h - a potion of heal wounds
 i - a potion of haste {unknown}
Comestibles
 f - a ration


   Skills:
 + Level 3.6 Fighting
 - Level 2.0 Crossbows
 - Level 1.5 Dodging
 - Level 1.0 Spellcasting
 - Level 2.6 Hexes


You had 3 spell levels left.
You knew the following spells:

 Your Spells              Type           Power        Failure   Level  Hunger
a - Corona                Hex            #......      96%         1    ##.....

Your spell library contained the following spells:

 Spells                   Type           Power        Failure   Level  Hunger
 Slow                     Hex            #.......     99%         2    ###....
 Inner Flame              Hex/Fire       #.......     100%        3    ####...
 Portal Projectile        Hex/Tloc       #.....       100%        3    ####...
 Cause Fear               Hex            #.........   100%        4    #####..
 Leda's Liquefaction      Hex/Erth       #.........   100%        4    #####..


Dungeon Overview and Level Annotations

Branches:
Dungeon (3/15)

Altars:

Annotations:
D:3 Grinder


Innate Abilities, Weirdness & Mutations

You are resistant to torment.
Your stone body is resilient. (AC +3)
You are immune to poison.
You resist negative energy. (rN+)
You are resistant to electric shocks. (rElec)
You can survive without breathing.
You are immune to petrification.
You are immune to rotting.


Message History

* * * LOW HITPOINT WARNING * * *
Firing (i - inventory)
d - 4 bolts (quivered)
Press: ? - help, Shift-Dir - straight line, f/p - Grinder
Aim: Grinder, carrying a wand of flame (13) (heavily wounded)
You shoot a bolt. The bolt barely misses Grinder.
Grinder grins, showing sharp teeth.
Grinder zaps a wand.
The puff of flame misses you.
Firing (i - inventory)
d - 3 bolts (quivered)
Press: ? - help, Shift-Dir - straight line, f/p - Grinder
Aim: Grinder, carrying a wand of flame (12) (heavily wounded)
You shoot a bolt. The bolt hits Grinder!
Grinder is heavily wounded.
Grinder drinks a potion.
Grinder is healed!
Firing (i - inventory)
d - 2 bolts (quivered)
Press: ? - help, Shift-Dir - straight line, f/p - Grinder
Aim: Grinder, carrying a wand of flame (12)
You shoot a bolt. The bolt barely misses Grinder.
Grinder blinks!
Grinder says, "Tell me all your secrets, or I'll kill you."
Grinder zaps a wand.
The puff of flame hits you!
You die...

### #.# #######.#
#.......# #.#####.#
#.###5#.#
##########.....#.#
........######.#.##
........((...(§@..#
........###########
.........
...####### .5 .


You could see Grinder.

Vanquished Creatures
  A worm (D:2)
  2 dart slugs
  5 bats
  A giant cockroach (D:2)
  5 goblins
  2 hobgoblins
  6 jackals
  3 kobolds (D:1)
  A quokka (D:3)
  A frilled lizard (D:2)
  4 rats
31 creatures vanquished.

Notes
Turn   | Place    | Note
-------+----------+-------------------------------------------
     0 | D:1      | ipx the Gargoyle Arcane Marksman began the quest for the
                  | Orb.
     0 | D:1      | Reached XP level 1. HP: 12/12 MP: 2/2
    74 | D:1      | Reached skill level 2 in Fighting
    75 | D:1      | Reached XP level 2. HP: 17/17 MP: 3/3
   221 | D:2      | Reached skill level 3 in Fighting
   239 | D:2      | Reached XP level 3. HP: 21/23 MP: 4/4
   482 | D:3      | Noticed Grinder
   501 | D:3      | HP: 1/24 [Grinder (1)]
   504 | D:3      | Killed from afar by Grinder

Levels and vault maps discovered:
D:1:      dpeg_arrival_rooms_c, layout_loops_corners,
          wad_floor_pattern_untrapped
D:2:      layout_loops_ring, uniq_natasha
D:3:      layout_basic, uniq_grinder, uniq_sigmund

Skill      XL: |  1  2 |
---------------+-------+-----
Fighting       | 2 3 |  3.6
Crossbows      | |  2.0
Dodging        | |  1.5
Spellcasting   | |  1.0
Hexes          | |  2.6

Action                   || total
-------------------------++-------
Melee: Dagger            ||    95
 Fire: Hand crossbow     ||    56
Armor: Chain mail        ||    90
Dodge: Dodged            ||    47

Table legend:
 A = Non-vault XP
 B = Vault XP
 C = Vault XP percentage of total XP
 D = Non-vault monster count
 E = Vault monster count
 F = Vault count percentage of total count
                 A         B        C        D         E       F
            +---------+---------+-------+---------+---------+-------
      Total |      59 |       0 |   0.0 |      31 |       0 |   0.0
            +---------+---------+-------+---------+---------+-------
        D:1 |      31 |       0 |   0.0 |      17 |       0 |   0.0
        D:2 |      26 |       0 |   0.0 |      13 |       0 |   0.0
        D:3 |       2 |       0 |   0.0 |       1 |       0 |   0.0
            +---------+---------+-------+---------+---------+-------
